 Dungeon Crawl Stone Soup version 0.30-a0-782-ge64f9170bb (webtiles) character file.

Game seed: 1420968017343159227

65 sanka the Digger (level 4, -5/24 HPs)
             Began as a Kobold Earth Elementalist on Feb 23, 2023.
             Slain by Terence
             ... wielding a +0 flail
              (7 damage)
             ... on level 3 of the Dungeon.
             The game lasted 00:02:12 (1950 turns).

sanka the Digger (Kobold Earth Elementalist)        Turns: 1950, Time: 00:02:13

Health: -5/24      AC:  4    Str:  5    XL:     4   Next: 34%
Magic:  0/7        EV: 15    Int: 18    God:
Gold:   154        SH:  0    Dex: 15    Spells: 1/7 levels left

rFire   + . .      SeeInvis .    e - +3 short sword
rCold   + . .      Faith    .    (no shield)
rNeg    . . .      Spirit   .    a - +0 robe
rPois   .          Reflect  .    h - +1 helmet
rElec   .          Harm     .    (no cloak)
rCorr   .          Rampage  .    (no gloves)
Will    .....                    (no boots)
Stlth   +++                      (no amulet)
HPRegen 0.24/turn                p - ring of protection from cold
MPRegen 0.10/turn                g - ring of protection from fire

@: no status effects
A: small, no large weapons, nightstalker 3
a: no special abilities


You were on level 3 of the Dungeon.
You visited 1 branch of the dungeon, and saw 3 of its levels.

You collected 154 gold pieces.


Innate Abilities, Weirdness & Mutations

You are small and have problems with some larger weapons.
You are completely attuned to the shadows.


   Skills:
 - Level 2.4 Dodging
 - Level 2.6 Stealth
 - Level 2.1 Spellcasting
 - Level 1.0 Transmutations
 + Level 4.9 Earth Magic


You had one spell level left.
You knew the following spells:

 Your Spells              Type           Power      Damage    Failure   Level
x - Stone Arrow           Conj/Erth      20%        3d8       19%         3
z - Sandblast             Erth           38%        2d10      2%          1
N - Passwall              Tmut/Erth      10%        N/A       8%          2

Your spell library contained the following spells:

 Spells                   Type           Power      Damage    Failure   Level
 Petrify                  Tmut/Erth      12%        N/A       45%         4

Inventory:

Hand Weapons
 e - a +3 short sword (weapon)
 o - the +4 whip of Vomm {heavy, Fly rPois rF+ Dex+2}

   Dex:       It affects your dexterity (+2).
   rF:        It protects you from fire.
   rPois:     It protects you from poison.
   Fly:       It grants you flight.
Armour
 a - a +0 robe (worn)
 h - a +1 helmet (worn)
 l - a +0 pair of gloves
Jewellery
 g - a ring of protection from fire (right hand)
 p - a ring of protection from cold (left hand)
Scrolls
 i - a scroll of blinking {unknown}
 k - 2 scrolls of identify {unknown}
 n - a scroll of fear {unknown}
 q - a scroll of teleportation {unknown}
 r - a scroll of brand weapon {unknown}
 s - a scroll of silence {unknown}
 t - a scroll of noise {unknown}
Potions
 b - a potion of magic
 c - 2 potions of curing {unknown}
 d - a potion of brilliance {unknown}
 f - a potion of ambrosia {unknown}
 j - 4 potions of invisibility {unknown}
 m - a potion of might {unknown}

Dungeon Overview and Level Annotations

Branches:
Dungeon (3/15)

Altars:
Xom

Annotations:
D:3 Terence

...................
......▒▒▒▒▒▒▒▒▒▒▒.
▒....▒▒....▒▒▒..▒
▒....▒▒.▒▒.....▒▒
▒▒▒.▒▒▒▒▒.▒▒▒▒▒▒▒▒.
▒...▒ ▒......▒▒..
▒.▒▒▒ ▒▒▒.▒▒▒▒▒▒.
▒▒▒.▒▒▒▒▒ ▒....▒ ▒.
▒...K.... ▒▒...▒ ▒▒
▒...@.... ▒...▒ ▒
.....K....
▒▒...▒▒▒▒
▒.........
▒........
▒.▒...▒▒▒▒
▒........
▒▒▒▒▒........
.............
▒▒▒▒.........
▒.......)....


You could see Terence and a kobold.


Message History

Your magical contamination has completely faded away.
The blast of sand hits Terence but does no damage.
Terence is heavily wounded.
Terence hits you with a +0 flail.
The blast of sand hits Terence but does no damage.
Terence is heavily wounded.
Terence closely misses you. Terence hits you with a +0 flail!
* * * LOW HITPOINT WARNING * * *
The blast of sand hits Terence.
Terence is severely wounded.
Terence closely misses you.
You are out of magic!
You hit Terence but do no damage.
Terence is severely wounded.
Terence completely misses you.
A kobold comes into view. It is wielding a +0 whip.
The kobold shouts!
You hit Terence.
Terence is almost dead.
Terence says, "Time to say good-bye..."
Terence misses you.
You hit Terence.
Terence is almost dead.
Terence hits you with a +0 flail.
* * * LOW HITPOINT WARNING * * *
You barely miss Terence.
Terence is almost dead.
Terence hits you with a +0 flail!
You die...

Action                     |  1- 3 |  4- 6 || total
---------------------------+-------+-------++-------
  Melee: Short sword       |    19 |     5 ||    24
   Cast: Sandblast         |    41 |    15 ||    56
   Stab: Sleeping          |     2 |       ||     2
 Armour: Robe              |     7 |       ||     7
  Dodge: Dodged            |    19 |    10 ||    29

Levels and vault maps discovered:
D:1:      ncdulo_watergridlock, layout_basic
D:2:      layout_rooms, basic_altar
D:3:      layout_basic, gammafunk_temple_overflow_elements, grunt_ministairs_2,
          nrook_loot_triangle, uniq_grinder, uniq_crazy_yiuf_cottage, uniq_ijyb,
          uniq_terence

Notes
Turn   | Place    | Note
-------+----------+-------------------------------------------
     0 | D:1      | sanka the Kobold Earth Elementalist began the quest for the
                  | Orb.
     0 | D:1      | Reached XP level 1. HP: 10/10 MP: 3/3
   187 | D:1      | Reached XP level 2. HP: 10/15 MP: 0/5
   939 | D:2      | Found a shimmering altar of Xom.
   952 | D:2      | Reached skill level 4 in Earth Magic
   952 | D:2      | Reached XP level 3. HP: 19/19 MP: 4/6
  1175 | D:2      | Identified the +4 whip of Vomm {heavy, Fly rPois rF+ Dex+2}
  1581 | D:3      | Reached XP level 4. HP: 24/24 MP: 0/7
  1679 | D:3      | Learned a level 2 spell: Passwall
  1683 | D:3      | Learned a level 3 spell: Stone Arrow
  1938 | D:3      | Noticed Terence
  1949 | D:3      | HP: 2/24 [Terence/+0 flail (6)]
  1950 | D:3      | Slain by Terence

Vanquished Creatures
  2 adders
  3 orcs (D:3)
  7 endoplasms
  2 giant cockroaches (D:2)
  4 goblins
  3 hobgoblins
  5 kobolds
  A quokka (D:1)
  A ball python (D:3)
  5 bats
  2 frilled lizards
  3 rats
38 creatures vanquished.
